 Dungeon Crawl Stone Soup version 0.29-a0-194-g6e3aafee17 (webtiles) character file.

Game seed: 6638312487068525859

5717 bande the Cleaver (level 10, 0/63 HPs)
             Began as a Gargoyle Fighter on Feb 23, 2022.
             Slain by a boulder beetle (12 damage)
             ... on level 9 of the Dungeon.
             The game lasted 00:15:36 (8002 turns).

bande the Cleaver (Gargoyle Fighter)                Turns: 8002, Time: 00:15:37

Health: 0/63       AC: 29    Str: 21    XL:     10   Next: 76%
Magic:  0/10       EV:  6    Int:  8    God:
Gold:   350        SH:  6    Dex: 19    Spells: 9/9 levels left

rFire   . . .      SeeInvis .   a - +1 war axe
rCold   . . .      Faith    .   c - +0 buckler
rNeg    + . .      Spirit   +   u - +0 plate armour
rPois   ∞          Reflect  .   (no helmet)
rElec   +          Harm     .   n - +2 cloak
rCorr   .          Rampage  .   k - +2 pair of gloves
Will    .....                   v - +0 pair of boots
Stlth   ..........              p - amulet of guardian spirit
HPRegen 0.20/turn               l - +6 ring of dexterity
MPRegen 0.12/turn               (no ring)

@: mighty
A: sickness immunity, AC +7, negative energy resistance 1, electricity
resistance, torment resistance 1, petrification resistance
a: no special abilities


You were on level 9 of the Dungeon.
You visited 1 branch of the dungeon, and saw 9 of its levels.

You collected 350 gold pieces.

Inventory:

Hand Weapons
 a - a +1 war axe (weapon)
 x - the +8 flail of Action {vorpal, rN+}
   (You found it on level 10 of the Dungeon)

   It inflicts extra damage upon your enemies.
   rN:        It protects you from negative energy.
Armour
 c - a +0 buckler (worn)
 k - a +2 pair of gloves (worn)
 n - a +2 cloak (worn)
 u - a +0 plate armour (worn)
 v - a +0 pair of boots (worn)
Jewellery
 h - a ring of ice
 j - the ring "Alag" {Fire rN+}
   (You found it on level 2 of the Dungeon)

   [ring of fire]

   It enhances your fire magic.
   rF:        It protects you from fire.
   rC:        It makes you vulnerable to cold.
   rN:        It protects you from negative energy.
 l - a +6 ring of dexterity (left hand)
 p - an amulet of guardian spirit (around neck)
Wands
 e - a wand of iceblast (18)
 w - a wand of flame (10)
Scrolls
 b - a scroll of holy word
 f - 3 scrolls of enchant weapon
 o - 2 scrolls of blinking
 q - a scroll of identify
 s - a scroll of fear
 t - a scroll of teleportation
Potions
 g - a potion of invisibility
 i - 3 potions of flight
 m - 2 potions of brilliance
 r - 5 potions of haste


   Skills:
 + Level 7.1 Fighting
 + Level 9.6 Axes
 + Level 8.1 Armour
 - Level 0.1 Dodging
 + Level 5.8 Shields
 * Level 6.0 Evocations


You had 9 spell levels left.
You didn't know any spells.
Your spell library contained the following spells:

 Spells                   Type           Power      Damage    Failure   Level
 Animate Skeleton         Necr           0%         N/A       100%        1
 Pain                     Necr           0%         1d4       100%        1
 Sting                    Tmut/Pois      0%         1d3       100%        1
 Poisonous Vapours        Pois/Air       0%         N/A       100%        2
 Vampiric Draining        Necr           0%         2d6       100%        3
 Hailstorm                Conj/Ice       0%         3d3       100%        4
 Ice Form                 Ice/Tmut       0%         N/A       100%        4
 Olgreb's Toxic Radiance  Pois           0%         N/A       100%        4
 Simulacrum               Ice/Necr       0%         N/A       100%        6


Dungeon Overview and Level Annotations

Branches:
Dungeon (10/15)
 Temple: D:4-7         Lair: D:8-11         Orc: D:9-12

Altars:
Trog
Vehumet

Annotations:
D:9 exclusion: oklob sapling


Innate Abilities, Weirdness & Mutations

You are immune to sickness and miasma.
Your stone body is resilient. (AC +7)
You are immune to poison.
You resist negative energy. (rN+)
You are resistant to electric shocks. (rElec)
You are resistant to unholy torment.
You are immune to petrification.


Message History

Magic restored.
HP restored.
r - 5 potions of haste (gained 2)
q - a scroll of identify Unknown command.
Unknown command.
Found a stone staircase leading down.
A boulder beetle comes into view.
The boulder beetle leaps!
The boulder beetle curls into a ball and begins rolling!
You hit the boulder beetle but do no damage.
You block the boulder beetle's attack.
The boulder beetle stops rolling and uncurls.
You hit the boulder beetle but do no damage.
The boulder beetle bites you!
The boulder beetle bites you but does no damage.
You hit the boulder beetle but do no damage.
The boulder beetle bites you!
You hit the boulder beetle but do no damage.
The boulder beetle bites you!
You hit the boulder beetle but do no damage.
The boulder beetle bites you but does no damage.
The boulder beetle bites you.
The boulder beetle curls into a ball and begins rolling!
The boulder beetle closely misses you.
The boulder beetle stops rolling and uncurls.
You feel very mighty all of a sudden. The boulder beetle bites you!
* * * LOW HITPOINT WARNING * * *
You slash the boulder beetle!
The boulder beetle is lightly wounded.
The boulder beetle bites you.
* * * LOW HITPOINT WARNING * * *
You slice the boulder beetle!!
The boulder beetle is moderately wounded.
The boulder beetle bites you but does no damage.
You completely miss the boulder beetle.
The boulder beetle is moderately wounded.
The boulder beetle bites you!
You die...

######## #......#
#.>....############
##......##.........#
#.......##.........#
##.......##.........#
.........##.........#
#.......###.........#
...^.....#.....B@...#
.........#..........#
...........##.#######
..........###.#
.........## ..#
.........# #.##
.........# #.
.........# #.
.........# #.


You could see a boulder beetle.

Vanquished Creatures
  2 two-headed ogres
  The ghost of Foxy the Summoner, a novice MfSu of Ashenzari (D:5)
  Joseph (D:10)
  A kobold demonologist (D:10)
  Grinder (D:5)
  A hornet (D:10)
  A meliai zombie (D:10)
  A wyvern (D:9)
  2 steam dragons
  3 water moccasins
  2 sky beasts
  A hornet zombie (D:9)
  2 orc warriors
  2 ice beasts (D:6)
  2 necrophages (D:5)
  3 ogres
  A centaur (D:9)
  A phantom (D:4)
  2 bullfrogs
  A water moccasin zombie (D:5)
  2 water moccasin skeletons (D:4)
  A centaur zombie (D:5)
  2 orc priests (D:3)
  3 hounds (D:5)
  Crazy Yiuf (D:2)
  2 bullfrog skeletons (D:6)
  A centaur skeleton (D:6)
  A gnoll shaman (D:10)
  An iguana (D:5)
  5 orc wizards
  A scorpion zombie (D:5)
  A hound skeleton (D:4)
  4 gnolls
  9 adders
  A white imp (D:6)
  An ufetubus (D:6)
  A dart slug (D:2)
  13 orcs
  12 ball pythons
  2 bats
  4 endoplasms
  5 giant cockroaches
  3 goblins
  8 hobgoblins
  12 jackals
  7 kobolds
  5 quokkas
  2 frilled lizards (D:2)
  3 rats
144 creatures vanquished.

Vanquished Creatures (others)
  7 plants (D:9)
  3 withered plants (D:2)
10 creatures vanquished.

Grand Total: 154 creatures vanquished

Notes
Turn   | Place    | Note
-------+----------+-------------------------------------------
     0 | D:1      | bande the Gargoyle Fighter began the quest for the Orb.
     0 | D:1      | Reached XP level 1. HP: 14/14 MP: 1/1
   424 | D:1      | Reached XP level 2. HP: 19/19 MP: 2/2
   445 | D:1      | Reached skill level 2 in Axes
  1007 | D:2      | Reached XP level 3. HP: 24/24 MP: 3/3
  1041 | D:2      | Identified the ring "Alag" {Fire rN+}
  1289 | D:2      | Found a runed translucent door.
  1290 | D:2      | Noticed Crazy Yiuf
  1440 | D:2      | Found a faded altar of an unknown god.
  1493 | D:2      | Reached XP level 4. HP: 22/29 MP: 4/4
  1723 | D:2      | Killed Crazy Yiuf
  1724 | D:2      | Reached skill level 3 in Axes
  1974 | D:3      | Reached XP level 5. HP: 33/33 MP: 5/5
  2369 | D:3      | Found a bloodstained altar of Trog.
  2573 | D:4      | Reached skill level 4 in Axes
  2573 | D:4      | Reached skill level 1 in Evocations
  2573 | D:4      | Reached XP level 6. HP: 34/39 MP: 6/6
  3202 | D:5      | Entered Level 5 of the Dungeon
  3202 | D:5      | Noticed a necrophage
  3214 | D:5      | Killed a necrophage
  3215 | D:5      | Reached XP level 7. HP: 44/44 MP: 7/7
  3368 | D:5      | Found a runed translucent door.
  3368 | D:5      | Noticed Foxy's ghost (novice MfSu)
  3379 | D:5      | Reached skill level 5 in Axes
  3385 | D:5      | Reached skill level 5 in Fighting
  3747 | D:5      | Reached XP level 8. HP: 43/49 MP: 4/8
  3929 | D:5      | Noticed Grinder
  3955 | D:5      | Paralysed by Grinder for 2 turns
  3957 | D:5      | Killed Grinder
  3958 | D:5      | Reached skill level 6 in Axes
  3958 | D:5      | Reached skill level 5 in Armour
  4389 | D:5      | Killed Foxy's ghost
  4550 | D:5      | Reached skill level 7 in Axes
  4550 | D:5      | Reached XP level 9. HP: 48/55 MP: 9/9
  5661 | D:6      | Reached skill level 8 in Axes
  5661 | D:6      | Reached skill level 5 in Shields
  6351 | D:7      | Found a radiant altar of Vehumet.
  6359 | D:7      | You fall into a shaft and drop 3 floors!
  6359 | D:10     | Entered Level 10 of the Dungeon
  6476 | D:10     | Identified the +8 flail of Action {vorpal, rN+}
  6736 | D:10     | Noticed a hornet
  6753 | D:10     | Killed a hornet
  6754 | D:10     | Reached skill level 5 in Evocations
  6917 | D:9      | Noticed a two-headed ogre
  6933 | D:9      | Killed a two-headed ogre
  6934 | D:9      | Reached XP level 10. HP: 32/61 MP: 5/10
  7154 | D:9      | Noticed Joseph
  7154 | D:9      | Noticed a kobold demonologist
  7177 | D:10     | Killed a kobold demonologist
  7178 | D:10     | Reached skill level 9 in Axes
  7183 | D:10     | Killed Joseph
  7325 | D:10     | Noticed a two-headed ogre
  7453 | D:10     | Killed a two-headed ogre
  7978 | D:9      | Noticed a boulder beetle
  8002 | D:9      | Slain by a boulder beetle

Illustrated notes

Levels and vault maps discovered:
D:1:      dpeg_arrival_simpleton_c, layout_basic, minmay_tiny_reverse_x
D:2:      layout_basic, ebering_ecumenical_altar_petrified,
          kennysheep_generic_room_11, uniq_crazy_yiuf_cottage
D:3:      layout_loops_ring, mainiacjoe_overflow_six_doors_small
D:4:      layout_rooms
D:5:      layout_cave_pools, hellmonk_ghost_happy_afterlife, grunt_ministairs_8,
          uniq_grinder
D:6:      layout_basic
D:7:      layout_basic, mainiacjoe_overflow_concentric_impassable,
          minmay_temple_entry_overgrown
D:9:      layout_rooms, serial_shops, shop, introduction_to_nature_1,
          uniq_joseph
D:10:     cheibrodos_statue_roulette, layout_basic, kennysheep_slug_shrine,
          zin_angel, lemuel_doored_altar

Skill      XL: |  1  2  3  4  5  6  7  8  9 10 |
---------------+-------------------------------+-----
Axes           | 2 3 4 5 7 8 9 |  9.6
Fighting       | 4 5 6 7 |  7.1
Armour         | 4 5 7 8 |  8.1
Evocations     | 1 2 3 5 6 |  6.0
Shields        | 4 5 |  5.8
Dodging        | |  0.1

Action                   |  1- 3 |  4- 6 |  7- 9 | 10-12 || total
-------------------------+-------+-------+-------+-------++-------
Melee: War axe           |    88 |   131 |   284 |   117 ||   620
  Use: Scroll            |       |    10 |     2 |       ||    12
       Potion            |       |       |     6 |     1 ||     7
Armor: Scale mail        |    19 |       |       |       ||    19
       Chain mail        |    52 |    92 |     9 |       ||   153
       Plate armour      |       |       |   288 |   137 ||   425
Dodge: Dodged            |    34 |    46 |    93 |    46 ||   219
Block: Buckler           |    14 |    38 |    67 |    46 ||   165

Table legend: (Time is in decaauts)
 A = Elapsed time spent in this place.
 B = Non-inter-level travel time spent in this place.
 C = Inter-level travel time spent in this place.
 D = Time resting spent in this place.
 E = Time spent auto-exploring this place.
 F = Levels seen in this place.
 G = Mean time per level.
                   A        B        C        D        E       F      G
               +--------+--------+--------+--------+--------+-----+--------+
         Total |   8156 |   7984 |    172 |   2405 |   3902 |   9 |  906.2 |
       Dungeon |   8156 |   7984 |    172 |   2405 |   3902 |   9 |  906.2 |
               +--------+--------+--------+--------+--------+-----+--------+

Top non-repeatable levels by time:
     D:5: 1619 daAuts
     D:6: 1530 daAuts
    D:10: 1178 daAuts
     D:1: 985 daAuts
     D:2: 834 daAuts
     D:3: 746 daAuts
     D:4: 718 daAuts
     D:9: 486 daAuts
     D:7: 58 daAuts
